 Dungeon Crawl Stone Soup version 0.29.1-12-g30fa7ad0bf (webtiles) character file.

Game seed: 10936852931579775652

2935 javelincjr the Thaumaturge (level 10, 0/63 HPs)
             Began as a Djinni Fire Elementalist on Dec 14, 2022.
             Was a Believer of Qazlal.
             Shot with an arrow by a centaur (13 damage)
             ... on level 7 of the Dungeon.
             The game lasted 00:58:46 (10031 turns).

javelincjr the Thaumaturge (DjFE)                  Turns: 10031, Time: 00:58:49

Health: 0/63       AC:  2    Str:  7    XL:     10   Next: 7%
Gold:   433        EV: 13    Int: 21    God:    Qazlal [**....] SH:  3 Dex: 14

rFire   + + +      SeeInvis .   z - +6 short sword "Pawuucy" {vorpal, rPois}
rCold   x x .      Faith    .   (no shield)
rNeg    . . .      Spirit   .   a - +0 robe
rPois   ∞          Reflect  .   (no helmet)
rElec   .          Harm     .   (no cloak)
rCorr   .          Rampage  .   (no gloves)
Will    +....                   (boots unavailable)
Stlth   ++........              (no amulet)
HPRegen 0.20/turn               E - ring of fire
MPRegen 0.00/turn               B - ring of wizardry

@: flying
A: sickness immunity, fire resistance 2, cold vulnerability 1, float, innate
caster, HP casting, extra vitality 1
a: Renounce Religion, Upheaval


You were on level 7 of the Dungeon.
You worshipped Qazlal.
Qazlal was pleased with you.
You visited 2 branches of the dungeon, and saw 8 of its levels.
You also visited: Sewer.

You collected 433 gold pieces.

Inventory:

Hand Weapons
 b - a +0 spear
 c - a +2 dagger of freezing
 j - a +2 dagger of draining
 z - the +6 short sword "Pawuucy" (weapon) {vorpal, rPois}
   (You found it on level 6 of the Dungeon)

   It inflicts extra damage upon your enemies.
   rPois:     It protects you from poison.
 D - a +1 vampiric dagger
Missiles
 o - 6 boomerangs
 p - 4 curare-tipped darts
 t - 9 poisoned darts
 w - 2 atropa-tipped darts
Armour
 a - a +0 robe (worn)
 f - an orb of wrath
Jewellery
 n - a +4 ring of slaying
 B - a ring of wizardry (right hand)
 E - a ring of fire (left hand)
Wands
 k - a wand of iceblast (6)
 v - a wand of charming (5)
 F - a wand of digging (8)
 G - a wand of acid (5)
Scrolls
 e - 2 scrolls of magic mapping
 g - a scroll of enchant armour
 r - a scroll of amnesia {unknown}
 s - a scroll of blinking {unknown}
 x - a scroll of fear {unknown}
 y - a scroll of enchant weapon
 C - 2 scrolls of brand weapon
 H - 2 scrolls of vulnerability {unknown}
 I - 2 scrolls of identify
Potions
 d - a potion of berserk rage
 h - 2 potions of haste
 i - a potion of cancellation
 l - a potion of flight
 m - a potion of might
 q - 2 potions of brilliance
 u - a potion of heal wounds {unknown}
 A - 4 potions of curing


   Skills:
 + Level 1.5 Fighting
 + Level 0.6 Short Blades
 + Level 3.0 Dodging
 + Level 4.2 Stealth
 + Level 0.5 Unarmed Combat
 + Level 9.7 Spellcasting


You had 6 spell levels left.
You knew the following spells:

 Your Spells              Type           Power      Damage    Failure   Level
a - Foxfire               Conj/Fire      100%       2x1d9     1%          1
b - Scorch                Fire           100%       2d10      1%          2
c - Conjure Flame         Conj/Fire      67%        6-21      1%          3
d - Inner Flame           Hex/Fire       67%        N/A       1%          3
e - Flame Wave            Conj/Fire      67%        2d15      1%          4
f - Sting                 Tmut/Pois      100%       1d8       1%          1
g - Static Discharge      Conj/Air       50%        3-10/arc  1%          2
h - Stone Arrow           Conj/Erth      100%       3d13      1%          3
i - Spider Form           Tmut/Pois      50%        N/A       1%          3
Your spell library was empty.

Dungeon Overview and Level Annotations

Branches:
Dungeon (7/15)             Temple (1/1) D:4           Sewer (visited)

Altars:
Cheibriados
Dithmenos
Elyvilon
Fedhas
Gozag
Hepliaklqana
Makhleb
Nemelex Xobeh
Okawaru
Qazlal
Ru
Uskayaw
Wu Jian
Xom
Yredelemnul
Zin
The Shining One


Innate Abilities, Weirdness & Mutations

You are immune to sickness and miasma.
You are immune to poison.
Your flesh is very heat resistant. (rF++)
You are vulnerable to cold. (rC-)
You float through the air rather than walking.
You learn spells naturally, not from books.
Your magical power is your life essence.
You have superior vitality. (+4 MHP)


Message History

Casting: Flame Wave (dangerous; 1% risk of failure)
Confirm with . or Enter, or press ? or * to list all spells.
Casting: Flame Wave (dangerous; 1% risk of failure)
Press: ? - help, Dir - look around, f - activate You feel a surge of power!
A wave of flame ripples out! (Press . to intensify the flame waves.)
A kobold comes into view. It is wielding a +0 whip.
A wave of flame ripples out!
The flame wave engulfs the orc wizard!
The orc wizard is severely wounded.
The flame wave engulfs the orc priest!
The orc priest is almost dead.
The flame wave engulfs the wight!
You destroy the wight!
Qazlal accepts your kill.
A wave of flame ripples out!
The flame wave engulfs the orc wizard!
You kill the orc wizard!
Qazlal accepts your kill.
The flame wave engulfs the orc!
You kill the orc!
Qazlal accepts your kill.
The flame wave engulfs the orc priest.
You kill the orc priest!
Qazlal accepts your kill. x2
You feel a bit more experienced. Qazlal accepts your kill.
You feel a bit more experienced.
The flame wave engulfs the centaur!
The centaur is almost dead.
The flame wave engulfs the kobold!!
You kill the kobold!
Qazlal accepts your kill.
The flame wave engulfs the kobold brigand!
The kobold brigand is heavily wounded.
Qazlal accepts your kill.
You feel a bit more experienced.
The flame wave engulfs the scorpion!
The scorpion is almost dead.
You finish channelling waves of flame.
The centaur shoots an arrow.
The arrow hits you!
* * * LOW HITPOINT WARNING * * *
The centaur shoots an arrow.
The arrow hits you!
You die...

..... . .... .##$..
...[...## ...#...s.
##..c)))## ....K)§☼§#
#@○##### #§....(#
#....)#.###.###########
###.)#### ##...#.......
##. ###.#....... #
#...........
+...........
###......... ##........


You could see a kobold brigand, a centaur and a scorpion.

Vanquished Creatures
  A wyvern (D:7)
  Pargi (Sewer)
  2 orc warriors
  2 sky beasts (D:6)
  6 ogres
  3 centaurs
  Blork the orc (D:4)
  A kobold brigand (D:6)
  2 bullfrogs
  3 scorpions
  8 wights
  A howler monkey (D:6)
  3 hounds
  4 jellies
  6 orc priests
  An iguana (D:6)
  8 orc wizards
  4 adders
  7 gnolls
  A shadow imp (D:7)
  2 white imps
  An ufetubus (D:5)
  3 worms
  3 dart slugs
  24 orcs
  5 bats
  8 endoplasms
  6 giant cockroaches
  6 goblins
  10 hobgoblins
  8 jackals
  15 kobolds
  12 quokkas
  11 ball pythons
  10 frilled lizards
  7 rats
196 creatures vanquished.

Vanquished Creatures (others)
  379 foxfires
  10 plants (D:3)
389 creatures vanquished.

Grand Total: 585 creatures vanquished

Notes
Turn   | Place    | Note
-------+----------+-------------------------------------------
     0 | D:1      | javelincjr the Djinni Fire Elementalist began the quest for
                  | the Orb.
     0 | D:1      | javelincjr set off with the following spells memorised:
                  | Foxfire, Scorch, Conjure Flame, Inner Flame, Flame Wave.
     0 | D:1      | Reached XP level 1. HP: 15/15 MP: 0/0
   345 | D:1      | Found a faded altar of an unknown god.
   348 | D:1      | Reached XP level 2. HP: 20/21 MP: 0/0
   583 | D:1      | Reached skill level 3 in Spellcasting
   724 | D:1      | Reached XP level 3. HP: 24/25 MP: 0/0
   724 | D:1      | Learned a level 1 spell: Sting
  1548 | D:2      | Reached XP level 4. HP: 13/31 MP: 0/0
  3135 | D:3      | Reached skill level 4 in Spellcasting
  3135 | D:3      | Reached XP level 5. HP: 27/35 MP: 0/0
  3135 | D:3      | Learned a level 2 spell: Static Discharge
  3163 | D:3      | Found a glowing drain.
  3303 | Sewer    | Entered a sewer
  3368 | Sewer    | Noticed Pargi
  3380 | Sewer    | Killed Pargi
  3381 | Sewer    | Reached XP level 6. HP: 37/40 MP: 0/0
  4559 | D:3      | Reached skill level 5 in Spellcasting
  5372 | D:4      | Reached XP level 7. HP: 39/45 MP: 0/0
  5372 | D:4      | Learned a level 3 spell: Stone Arrow
  5661 | D:4      | Found a staircase to the Ecumenical Temple.
  5669 | Temple   | Entered the Ecumenical Temple
  5861 | Temple   | Became a worshipper of Qazlal Stormbringer
  5894 | D:4      | Noticed Blork the orc
  5903 | D:4      | Killed Blork the orc
  6138 | D:4      | Reached skill level 6 in Spellcasting
  6425 | D:5      | Entered Level 5 of the Dungeon
  6534 | D:5      | Reached XP level 8. HP: 21/51 MP: 0/0
  7091 | D:5      | Reached * piety under Qazlal
  7257 | D:5      | Reached skill level 1 in Fighting
  7257 | D:5      | Reached skill level 7 in Spellcasting
  8084 | D:6      | Reached XP level 9. HP: 16/57 MP: 0/0
  8084 | D:6      | Learned a level 3 spell: Spider Form
  8305 | D:6      | Reached skill level 8 in Spellcasting
  8381 | D:6      | Identified the +6 short sword "Pawuucy" {vorpal, rPois}
  8791 | D:6      | Found a sacrificial altar of Ru.
  9122 | D:6      | Reached ** piety under Qazlal
  9128 | D:6      | Reached skill level 9 in Spellcasting
  9616 | D:6      | Found an iron altar of Okawaru.
 10028 | D:7      | Reached XP level 10. HP: 28/63 MP: 0/0
 10031 | D:7      | Shot with an arrow by a centaur

Illustrated notes

Levels and vault maps discovered:
D:1:      co_arrival_square_in_a_square_in_a_square, layout_loops_ring,
          shapermc_ecumenical_altar_starsandcircs, chequers_hall_statues_wall_a
D:2:      layout_loops_corners, minmay_pentomino_x4
D:3:      layout_loops_cross, portal_sewer_entry_f, grunt_decor_junction,
          nicolae_grassy_gnolls
D:4:      layout_rooms, minmay_temple_entry_wispy, st_stairs_2,
          chequers_serial_rivers_large_b, uniq_blork_the_orc
D:5:      layout_gridville
D:6:      layout_loops_ring, mainiacjoe_overflow_brackets, lemuel_tele_altar
D:7:      layout_rooms, kennysheep_little_box, serial_shops,
          nicolae_take_the_stairs
Temple:   regret_index_temple_chain_breaker

Skill      XL: |  1  2  3  4  5  6  7  8  9 |
---------------+----------------------------+-----
Spellcasting   | 3 4 5 6 7 9 |  9.7
Stealth        | 2 3 4 |  4.2
Fighting       | 1 |  1.5
Dodging        | 3 |  3.0
Short Blades   | |  0.6
Unarmed Combat | |  0.5

Action                   |  1- 3 |  4- 6 |  7- 9 | 10-12 || total
-------------------------+-------+-------+-------+-------++-------
Melee: Dagger            |       |       |     6 |       ||     6
       Unarmed           |       |       |    11 |       ||    11
       Short sword       |       |       |     5 |       ||     5
       Punch             |       |       |     1 |       ||     1
 Cast: Foxfire           |    52 |    76 |    98 |       ||   226
       Scorch            |     6 |    32 |    36 |       ||    74
       Inner Flame       |       |     3 |     4 |       ||     7
       Stone Arrow       |       |       |    14 |       ||    14
       Flame Wave        |       |       |     6 |     1 ||     7
       Conjure Flame     |       |       |     3 |       ||     3
       Spider Form       |       |       |     2 |       ||     2
       Static Discharge  |       |       |     1 |       ||     1
  Use: Scroll            |       |     5 |     5 |       ||    10
       Potion            |       |     4 |       |       ||     4
Armor: Robe              |     7 |     2 |     4 |       ||    13
Dodge: Dodged            |    10 |    16 |    35 |     1 ||    62
Block: Other             |       |       |     4 |       ||     4
